 Dungeon Crawl Stone Soup version 0.29.1-2-gbd0b4ee654 (webtiles) character file.

Game seed: 7543928995922789957

18 xian the Trooper (level 2, 0/28 HPs)
             Began as a Naga Berserker on Nov 8, 2022.
             Was a Follower of Trog.
             Slain by a hobgoblin (5 damage)
             ... on level 1 of the Dungeon.
             The game lasted 00:01:16 (1066 turns).

xian the Trooper (Naga Berserker)                   Turns: 1066, Time: 00:01:16

Health: 0/28       AC:  1    Str: 19    XL:     2   Next: 70%
Magic:  2/2        EV: 10    Int:  7    God:    Trog [*.....]
Gold:   19         SH:  0    Dex: 10    Spells: 1/1 levels left

rFire   . . .      SeeInvis +   a - +0 hand axe
rCold   . . .      Faith    .   (no shield)
rNeg    . . .      Spirit   .   b - +0 animal skin
rPois   +          Reflect  .   (no helmet)
rElec   .          Harm     .   (no cloak)
rCorr   .          Rampage  .   (no gloves)
Will    .....                   (no barding)
Stlth   +.........              (no amulet)
HPRegen 0.09/turn               (no ring)
MPRegen 0.08/turn               (no ring)

@: very slow
A: AC +0, large, see invisible, deformed body, poison resistance, slowness 2,
spit poison 1, naga tail 1
a: Spit Poison, Renounce Religion, Berserk


You were on level 1 of the Dungeon.
You worshipped Trog.
Trog was aware of your devotion.
You visited 1 branch of the dungeon, and saw 1 of its levels.

You collected 19 gold pieces.

Inventory:

Hand Weapons
 a - a +0 hand axe (weapon)
Armour
 b - a +0 animal skin (worn)
Scrolls
 c - 4 scrolls of identify {unknown}
 d - a scroll of vulnerability {unknown}


   Skills:
 + Level 3.3 Fighting
 + Level 3.3 Axes
 + Level 1.6 Armour
 + Level 1.8 Dodging
 + Level 0.4 Stealth


You had one spell level left.
You didn't know any spells.
Your spell library was empty.

Dungeon Overview and Level Annotations

Branches:
Dungeon (1/15)

Altars:


Innate Abilities, Weirdness & Mutations

Your serpentine skin is tough. (AC +0)
You have supernaturally acute eyesight. (SInv)
Armour fits poorly on your strangely shaped body.
Your system is resistant to poisons. (rPois)
You cover ground very slowly.
You can spit poison.
You have a snake-like lower body.


Message History

A rat comes into view.
A rat comes into view.
The rat misses you.
You barely miss the rat. You barely miss the hobgoblin.
The rat bites you but does no damage. The hobgoblin hits you.
You hit the rat but do no damage. You hit the hobgoblin but do no damage.
The rat closely misses you. The hobgoblin hits you.
You completely miss the rat. You closely miss the hobgoblin.
The rat misses you. The hobgoblin closely misses you.
You closely miss the rat. You barely miss the hobgoblin. The rat bites you.
The hobgoblin hits you.
You hit the rat.
The rat is severely wounded.
You closely miss the hobgoblin. The rat bites you but does no damage.
The hobgoblin hits you. x2
The rat twitches its whiskers.
The rat bites you.
You hit the rat.
You kill the rat!
Trog accepts your kill.
You closely miss the hobgoblin. The hobgoblin hits you.
* * * LOW HITPOINT WARNING * * *
The rat bites you.
* * * LOW HITPOINT WARNING * * *
The rat bites you.
* * * LOW HITPOINT WARNING * * *
Unknown command.
The rat attacks as you move away! The rat bites you.
* * * LOW HITPOINT WARNING * * *
The rat twitches its whiskers.
The rat barely misses you. The rat attacks as you move away! The rat bites you.
* * * LOW HITPOINT WARNING * * *
You hit the rat.
You kill the rat!
Trog accepts your kill.
You hit the hobgoblin.
The hobgoblin is almost dead.
The hobgoblin hits you.
You die...

..........# .......
#.........# #.....†...#
#.....#.#.#
#.......#.#.# #########
#....##.#.#.##..........
#... #.....##..........
#.. #g#.#.............
#. #@#.#............. #
#.#.#.##.......###
#.#.#.##.......# #
#.....##.......###
###.####.......†.. #.#
#.......### #.#
#.......... #.#
#.......### ###.#
######..# #


You could see a hobgoblin.

Vanquished Creatures
  A dart slug (D:1)
  2 bats (D:1)
  2 endoplasms (D:1)
  A goblin (D:1)
  2 hobgoblins (D:1)
  A ball python (D:1)
  3 kobolds (D:1)
  3 rats (D:1)
15 creatures vanquished.

Notes
Turn   | Place    | Note
-------+----------+-------------------------------------------
     0 | D:1      | xian the Naga Berserker began the quest for the Orb.
     0 | D:1      | Reached XP level 1. HP: 21/21 MP: 1/1
   347 | D:1      | Reached XP level 2. HP: 24/28 MP: 2/2
  1066 | D:1      | Slain by a hobgoblin

Illustrated notes

Levels and vault maps discovered:
D:1:      enne_arrival_octagon_isle, layout_basic,
          dreamdust_ecumenical_altar_sealed_demon, minmay_misc_feat_cross

Action                   || total
-------------------------++-------
Melee: Hand axe          ||    52
       Punch             ||     1
Armor: Animal skin       ||     8
Dodge: Dodged            ||    35
